AoeStats
← KG.专业开脑壳

Pilgrims

507040678Analyzed
3v3 RM · 14d ago on Sep 16, 2026· 26m 58s· 6 players
Game mode
Random Map
Map size
Normal (6 player)
Population
200
Speed
Normal
Resources
Standard
Victory
Conquest
Starting age
Dark Age
Ending age
Imperial Age
RankedLock teamsTeams togetherTeam positionsShared explorationLock speedFull tech treeHidden civsTurbo modeCheats
Victory
Defeat
🇭🇰 Armenians · Hong Kong SAR China
1315
+13
🇭🇰 Koreans · Hong Kong SAR China
1309
+13
🇭🇰 Byzantines · Hong Kong SAR China
1257
+15
🇸🇪 Koreans · Sweden
1296
-15
🇵🇪 Magyars · Peru
1243
-14
🇨🇳 Ethiopians · China
1202
-12
Carlongas
5:37 Loom
12:09 Feudal Age
17:06 Castle Age
15:53 Double-Bit Axe
16:34 Horse Collar
18:21 Bow Saw
18:54 Heavy Plow
22:55 Wheelbarrow
22:12 Fletching
25:17 Bodkin Arrow
26:53 Hand Cart
26:30 Town Watch
KG.专业开脑壳
9:36 Loom
11:50 Feudal Age
16:02 Castle Age
14:25 Fletching
14:53 Double-Bit Axe
18:31 Bow Saw
18:07 Horse Collar
22:04 Crossbowman
22:59 Padded Archer Armor
26:06 Wheelbarrow
25:49 Gold Mining
scarabe
3:03 Loom
10:46 Feudal Age
12:23 Fletching
17:30 Castle Age
16:08 Double-Bit Axe
16:45 Town Watch
18:49 Bodkin Arrow
blue
12:13 Feudal Age
12:50 Double-Bit Axe
13:10 Stone Mining
12:50 Man-at-Arms
14:27 Loom
15:26 Loom
15:52 Arson
17:48 Fletching
20:18 Castle Age
18:38 Fishing Lines
20:30 Scale Mail Armor
20:19 Long Swordsman
21:56 Wheelbarrow
21:39 Bow Saw
21:21 Gambesons
24:38 Squires
25:08 Bodkin Arrow
26:01 Gold Mining
leo2000112
6:04 Loom
10:28 Feudal Age
11:18 Double-Bit Axe
12:19 Gold Mining
13:26 Fishing Lines
14:38 Forging
16:11 Wheelbarrow
17:38 Castle Age
17:22 Stone Mining
18:29 Medium Warships
19:06 Bow Saw
19:57 Gillnets
22:00 Siphons
22:08 Clinker Construction
27:24 Imperial Age
25:28 Scale Mail Armor
26:03 Iron Casting
25:13 Man-at-Arms
25:40 Gambesons
26:58 Chain Mail Armor
26:06 Long Swordsman
26:46 Squires
28:13 Wheelbarrow
VT
5:26 Loom
11:26 Feudal Age
13:45 Double-Bit Axe
14:09 Gold Mining
18:02 Castle Age
17:26 Scale Barding Armor
17:32 Forging
18:09 Stone Mining
19:14 Husbandry
20:59 Medium Warships
22:23 Wheelbarrow
25:14 Imperial Age
25:16 Chain Barding Armor
25:32 Iron Casting
25:14 Hand Cart
25:27 Bow Saw
27:41 Conscription
Connection lost

Rejoining the realm…

Still unreachable

The connection could not be restored.

Session expired

The server has moved on; the page needs a fresh start.